 Dungeon Crawl Stone Soup version 0.20.1-1-g8b1a95d (webtiles) character file.

158 fili the Skirmisher (level 5, -1/50 HPs)
             Began as a Minotaur Berserker on July 7, 2017.
             Was a Believer of Trog.
             Killed from afar by rafael's ghost (5 damage)
             ... with a zap
             ... on level 3 of the Dungeon.
             The game lasted 00:10:10 (2162 turns).

fili the Skirmisher (Minotaur Berserker)            Turns: 2162, Time: 00:10:11

Health: -1/50      AC:  6    Str: 23    XL:     5   Next: 16%
Magic:  4/4        EV: 10    Int:  4    God:    Trog [**....]
Gold:   124        SH:  0    Dex:  9    Spells: 4/4 levels left

rFire    . . .     SeeInvis .   a - +0 mace
rCold    . . .     Gourm    .   (no shield)
rNeg     . . .     Faith    .   b - +0 scale mail
rPois    .         Spirit   .   (helmet restricted)
rElec    .         Reflect  .   (no cloak)
rCorr    .         Harm     .   (no gloves)
MR       ++...                  (no boots)
Stlth    ..........             (no amulet)
Regen    1.2/turn               (no ring)
MPRegen  0.1/turn               (no ring)

@: lethally poisoned (-1 -> -24), berserk cooldown, regenerating, slowed, very
slow
A: retaliatory headbutt, horns 2
a: Berserk, Trog's Hand, Burn Spellbooks, Renounce Religion


You were on level 3 of the Dungeon.
You worshipped Trog.
Trog was pleased with you.
You were near starving.

You visited 1 branch of the dungeon, and saw 3 of its levels.

You collected 124 gold pieces.

Inventory:

Hand Weapons
 a - a +0 mace (weapon)
Missiles
 g - 8 tomahawks (quivered)
Armour
 b - a +0 scale mail (worn)
Scrolls
 d - 2 scrolls of amnesia {unknown}
 e - 2 scrolls of fog {unknown}
 f - a scroll of random uselessness {unknown}
 h - 2 scrolls of identify {unknown}
 o - 3 scrolls of remove curse {unknown}
 p - a scroll of fear {unknown}
Potions
 j - 2 potions of invisibility {unknown}
 k - a potion of ambrosia {unknown}
 m - a potion of berserk rage {unknown}
 n - a potion of mutation {unknown}
 q - a potion of agility {unknown}
 r - a potion of might {unknown}
Comestibles
 c - 2 bread rations


   Skills:
 + Level 5.7 Fighting
 + Level 5.5 Maces & Flails
 - Level 2.4 Armour
 - Level 2.1 Dodging


You had 4 spell levels left.
You didn't know any spells.

Dungeon Overview and Level Annotations

Branches:
Dungeon (3/15)

Altars:
Makhleb

Annotations:
D:3 rafael's ghost, novice HaAE


Innate Abilities, Weirdness & Mutations

You reflexively headbutt those who attack you in melee.
You have a pair of horns on your head.


Message History

You miss rafael's ghost. You headbutt rafael's ghost!
Rafael's ghost is severely damaged.
* * * LOW HITPOINT WARNING * * *
You feel very sick. Rafael's ghost barely misses you.
You miss rafael's ghost. Your headbutt misses rafael's ghost.
Rafael's ghost is severely damaged.
* * * LOW HITPOINT WARNING * * *
You feel very sick.
You closely miss rafael's ghost.
Rafael's ghost is severely damaged.
You are no longer berserk.
Trog's vigour flows through your veins.
You are exhausted.
You feel yourself slow down.
* * * LOW HITPOINT WARNING * * *
You feel very sick.
Rafael's ghost points at you and mumbles some strange words.
The zap hits you!
You die...

.. ...
...#########
...=.[....=
..........#
..........#
......W...#
#....@..#
#..(##.#.## #
###.#####
#.....#
###.....# #.
#...##..#
#.###....#..#..
#......_......#
###..#....###..


You could see rafael's ghost.

Vanquished Creatures
  An orc priest (D:3)
  Robin (D:2)
  2 adders (D:2)
  3 oozes (D:1)
  A worm (D:2)
  2 dart slugs (D:1)
  A leopard gecko (D:2)
  3 orcs (D:3)
  2 ball pythons
  2 giant cockroaches
  10 goblins
  12 hobgoblins
  7 jackals
  2 quokkas
  8 bats
  5 frilled lizards
  7 kobolds
  5 rats
74 creatures vanquished.

Notes
Turn   | Place    | Note
-------+----------+-------------------------------------------
     0 | D:1      | fili the Minotaur Berserker began the quest for the Orb.
     0 | D:1      | Reached XP level 1. HP: 19/19 MP: 0/0
    88 | D:1      | Reached XP level 2. HP: 22/27 MP: 1/1
   483 | D:1      | Reached XP level 3. HP: 34/34 MP: 2/2
   491 | D:1      | Reached ** piety under Trog
  1106 | D:1      | Reached skill level 5 in Fighting
  1168 | D:2      | Reached XP level 4. HP: 34/42 MP: 3/3
  1392 | D:2      | Noticed Robin
  1400 | D:2      | Killed Robin
  1402 | D:2      | Reached skill level 5 in Maces & Flails
  1807 | D:3      | Reached *** piety under Trog
  1846 | D:3      | Reached XP level 5. HP: 6/50 MP: 4/4
  2124 | D:3      | Found a burning altar of Makhleb.
  2141 | D:3      | Noticed rafael's ghost (novice HaAE)
  2162 | D:3      | Killed from afar by rafael's ghost

Skill      XL: |  1  2  3  4 |
---------------+-------------+-----
Fighting       | 4 5 |  5.7
Maces & Flails | 4 5 |  5.5
Armour         | |  2.4
Dodging        | |  2.1

Action                   |  1- 3 |  4- 6 || total
-------------------------+-------+-------++-------
Melee: Mace              |    82 |    79 ||   161
       Headbutt          |    12 |    11 ||    23
Throw: Tomahawk          |     1 |       ||     1
Invok: Trog's Hand       |       |     3 ||     3
       Berserk           |       |     2 ||     2
  Use: Potion            |       |     1 ||     1
  Eat: Chunk             |     1 |     4 ||     5
Armor: Animal skin       |     8 |       ||     8
       Ring mail         |    18 |    33 ||    51
       Scale mail        |       |     6 ||     6
Dodge: Dodged            |    73 |    43 ||   116
